 Dungeon Sprint DCSS version 0.27.1-1-g398f81649c (webtiles) character file.

Game seed: 6485050636148622490

21765 styxcanada the Ninja (level 12, -6/65 HPs)
             Began as a Spriggan Brigand on Sept 10, 2021.
             Was an Initiate of Gozag.
             Killed by angry trees
             ... awakened by a spriggan druid
              (9 damage)
             ... in the Dungeon (Sprint IV: "Fedhas' Mad Dash").
             The game lasted 00:25:47 (2889 turns).

styxcanada the Ninja (Spriggan Brigand)             Turns: 2889, Time: 00:25:47

Health: -6/65      AC:  4    Str: 12    XL:     12   Next: 57%
Magic:  26/26      EV: 37    Int: 12    God:    Gozag
Gold:   2029       SH: 16    Dex: 28    Spells: 16/30 levels left

rFire    . . .     SeeInvis +   t - +4 rapier of Valour {vorpal, Str+5 Dex+6}
rCold    + . .     Faith    .   p - +2 buckler
rNeg     + . .     Spirit   .   b - +0 robe
rPois    .         Reflect  +   (helmet restricted)
rElec    +         Harm     .   c - +1 cloak
rCorr    .         Rampage  .   (gloves unavailable)
Will     ++...     NoTele   +   (boots unavailable)
Stlth    ++++++++++             A - amulet of Divine Intervention {Reflect rElec rC+ rN+ SH+5}
HPRegen  0.20/turn              s - +4 ring of evasion
MPRegen  0.20/turn              (no ring)

@: unable to read, very quick
A: very small, no large weapons, unfitting armour, see invisible, speed 3,
inability to read while threatened
a: Renounce Religion, Potion Petition, Call Merchant, Bribe Branch


You were in the Dungeon.
You worshipped Gozag.
Gozag was most pleased with you.
You visited 1 branch You collected 4752 gold pieces.
You spent 2723 gold pieces at shops.

Inventory:

Hand Weapons
 a - a +2 dagger
 t - the +4 rapier of Valour (weapon) {vorpal, Str+5 Dex+6}
   (You bought it in a shop in the Dungeon)

   It inflicts extra damage upon your enemies.
   Str:       It affects your strength (+5).
   Dex:       It affects your dexterity (+6).
Missiles
 d - 25 poisoned darts (quivered)
 e - 2 curare-tipped darts
 u - 16 stones
Armour
 b - a +0 robe (worn)
 c - a +1 cloak (worn)
 p - a +2 buckler (worn)
 q - the +0 hat "Toshraag" {rPois Dex+4}
   (You bought it in a shop in the Dungeon)

   Dex:       It affects your dexterity (+4).
   rPois:     It protects you from poison.
Jewellery
 l - the amulet of invisibility {+Inv}
   (You found it in the Dungeon)

   [amulet of nothing]

   +Inv:      It lets you turn invisible.
 s - a +4 ring of evasion (left hand)
 v - a +6 ring of strength
 y - the ring of the Vendetta {rElec MP+9}
   (You found it in the Dungeon)

   [ring of magical power]

   rElec:     It insulates you from electricity.
   MP:        It affects your magic capacity (+9).
 z - an amulet of reflection
 A - the amulet of Divine Intervention (around neck) {Reflect rElec rC+ rN+ SH+5}
   (You found it in the Dungeon)

   [amulet of reflection]

   It reflects blocked missile attacks.
   rC:        It protects you from cold.
   rElec:     It insulates you from electricity.
   rN:        It protects you from negative energy.
   SH:        It affects your SH (+5).
Scrolls
 j - 3 scrolls of identify
 k - a scroll of blinking
 o - a scroll of fear
 x - a scroll of fog
Potions
 f - 2 potions of curing
 h - a potion of haste
 i - 2 potions of magic
 m - 2 potions of might
 r - a potion of mutation
 w - 3 potions of heal wounds
Miscellaneous
 g - a lightning rod (3/4)
 n - a tin of tremorstones (2/2)


   Skills:
 * Level 8.8 Fighting
 + Level 9.4 Short Blades
 + Level 5.3 Throwing
 * Level 13.3 Dodging
 O Level 27 Stealth
 * Level 4.1 Shields
 * Level 9.8 Spellcasting
 * Level 6.2 Conjurations
 * Level 9.0 Hexes
 * Level 4.7 Ice Magic
 * Level 7.2 Earth Magic
 * Level 13.0 Evocations


You had 16 spell levels left.
You knew the following spells:

 Your Spells              Type           Power      Damage    Failure   Level
a - Iron Shot             Conj/Erth      11%        9d3       82%         6
b - Dazzling Flash        Conj/Hex       48%        N/A       1%          3
c - Confusing Touch       Hex            27%        N/A       1%          3
d - Ensorcelled Hibernat  Hex/Ice        44%        N/A       1%          2

Your spell library contained the following spells:

 Spells                   Type           Power      Damage    Failure   Level
 Corona                   Hex            30%        N/A       1%          1
 Slow                     Hex            27%        N/A       1%          2
 Tukima's Dance           Hex            27%        N/A       1%          3
 Animate Skeleton         Necr           10%        N/A       16%         1
 Apportation              Tloc           10%        N/A       16%         1
 Summon Small Mammal      Summ           20%        N/A       16%         1
 Iskenderun's Battlesphe  Conj           20%        2d7       32%         5
 Vampiric Draining        Necr           2%         2d6       41%         3
 Spellforged Servitor     Conj/Summ      6%         N/A       100%        7
 Necromutation            Tmut/Necr      2%         N/A       100%        8


Dungeon Overview and Level Annotations

Branches:
Dungeon (1/1)

Altars:
Cheibriados
Dithmenos
Elyvilon
Gozag
Hepliaklqana
Kikubaaqudgha
Makhleb
Nemelex Xobeh
Okawaru
Qazlal
Ru
Sif Muna
Trog
Uskayaw
Vehumet
Wu Jian
Xom
Yredelemnul
Zin
The Shining One
Beogh
Jiyva
Lugonu

Shops:
D [*?[?!(*[:((!(=[:*(!(


Innate Abilities, Weirdness & Mutations

You are very small and have problems with some larger weapons.
You are too small for most types of armour.
You have supernaturally acute eyesight. (SInv)
You cover ground extremely quickly. (Speed+++)
You sometimes lose the ability to read scrolls when taking damage.


Message History

A - the amulet of Divine Intervention (around neck) {Reflect rElec rC+ rN+ SH+5}
Okay, then.
You start waiting.
Done waiting.
d - 24 poisoned darts (gained 1)
d - 25 poisoned darts (gained 1)
A spriggan druid comes into view.
It is wielding a +0 quarterstaff. 2 spriggan berserkers come into view.
A spriggan berserker is wielding a +1 antimagic war axe.
The spriggan druid shouts!
The spriggan berserker shouts!
The spriggan berserker invokes Trog's protection!
The spriggan druid casts a spell.
The forest starts to sway and rumble!
You puncture the spriggan druid!
The spriggan druid is moderately wounded.
A root smacks you from below! A tree reaches out and hits you!
You feel threatened and lose the ability to read scrolls!
You block the spriggan druid's attack. A root smacks you from below!
You are waved at by a branch.
A root smacks you from below!
* * * LOW HITPOINT WARNING * * *
The spriggan berserker prays to Trog.
The death yak goes berserk!
Aiming: Thunderbolt
Press: ? - help, Shift-Dir - straight line, f - spriggan berserker
Aim: a spriggan berserker, wielding a +0 rapier and wearing a +0 animal skin The thunderbolt hits the spriggan berserker!!
The spriggan berserker is heavily wounded.
The thunderbolt hits the spriggan druid!
The spriggan druid is heavily wounded.
The thunderbolt hits the spriggan berserker!!
The spriggan berserker is moderately wounded.
You are hit by a branch!
* * * LOW HITPOINT WARNING * * *
The spriggan berserker invokes Trog's protection!
A tree reaches out and hits you!
You die...
Your body crumbles into a pile of gold.

.........##...P.)'.#
####P....'.......###
##################
####∩∩∩#............#########
....∩.∩'.........).)).......#
####∩∩∩#............#######.#
***########################.#
,♣..♣..♣..♣..♣i.♣..♣..♣..♣..#
,.........iY..i.@...........#
,♣..♣..♣..♣..♣..♣..♣..♣..♣..#
****##*######################
,,,*****,,,,******,,,,,,****
,,,,,,,,,,,,,,,,,,,,,,,,,,,**
,,,,,,,,,,,,,,,,,,*******,,,*
,,,,,,,,,,,,,,,,,,,,,,,,,,,**
,,,,****,,,,******,,,,,,****
***** ****** ********


You could see a death yak (summoned, berserk), 2 spriggan berserkers and a
spriggan druid.

Vanquished Creatures
  Agnes (D)
  A ghost moth (D)
  3 spriggan defenders (D)
  2 spriggan berserkers (D)
  2 spriggan druids (D)
  23 oklob plants (D)
  3 demonic crawlers (D)
  3 wandering mushrooms (D)
  3 burning bushes (D)
  A queen bee (D)
  6 hornets (D)
  4 scorpions (D)
  4 killer bees (D)
  5 oklob saplings (D)
  8 spriggans (D)
  A river rat (D)
  A rat (D)
  A ballistomycete spore (D)
72 creatures vanquished.

Vanquished Creatures (others)
  A ballistomycete spore (D)
1 creature vanquished.

Grand Total: 73 creatures vanquished

Notes
Turn   | Place    | Note
-------+----------+-------------------------------------------
     0 | D        | styxcanada the Spriggan Brigand began the quest for the
                  | Orb.
     0 | D        | Reached XP level 1. HP: 10/10 MP: 2/2
     9 | D        | Reached skill level 8 in Stealth
     9 | D        | Reached XP level 2. HP: 15/15 MP: 3/3
    48 | D        | Noticed an oklob sapling
    50 | D        | Killed an oklob sapling
    51 | D        | Reached skill level 10 in Stealth
    51 | D        | Reached XP level 3. HP: 18/18 MP: 4/4
    52 | D        | Noticed a scorpion
    52 | D        | Found the amulet of invisibility {+Inv}
    71 | D        | Killed a scorpion
    72 | D        | Reached skill level 12 in Stealth
    72 | D        | Reached XP level 4. HP: 23/23 MP: 5/5
   106 | D        | Found an opulent altar of Gozag.
   106 | D        | Found a hazy altar of Hepliaklqana.
   106 | D        | Found a burning altar of Makhleb.
   106 | D        | Found a sparkling altar of Nemelex Xobeh.
   106 | D        | Found a snail-covered altar of Cheibriados.
   106 | D        | Found a sacrificial altar of Ru.
   106 | D        | Found a shimmering blue altar of Sif Muna.
   106 | D        | Found a shimmering altar of Xom.
   106 | D        | Found a basalt altar of Yredelemnul.
   107 | D        | Found a viscous altar of Jiyva.
   107 | D        | Found a bloodstained altar of Trog.
   107 | D        | Found an ornate altar of the Wu Jian Council.
   108 | D        | Found an iron altar of Okawaru.
   108 | D        | Found a shadowy altar of Dithmenos.
   108 | D        | Found a glowing silver altar of Zin.
   109 | D        | Found an ancient bone altar of Kikubaaqudgha.
   109 | D        | Found a hide-covered altar of Uskayaw.
   110 | D        | Found a stormy altar of Qazlal.
   110 | D        | Found a white marble altar of Elyvilon.
   110 | D        | Found a glowing golden altar of the Shining One.
   111 | D        | Became a worshipper of Gozag Ym Sagoz the Greedy
   112 | D        | Found a corrupted altar of Lugonu.
   112 | D        | Found a radiant altar of Vehumet.
   116 | D        | Reached skill level 13 in Stealth
   116 | D        | Reached XP level 5. HP: 28/28 MP: 3/6
   163 | D        | Reached skill level 5 in Dodging
   163 | D        | Reached skill level 14 in Stealth
   163 | D        | Reached skill level 1 in Evocations
   170 | D        | Reached skill level 15 in Stealth
   172 | D        | Reached XP level 6. HP: 33/33 MP: 5/7
   199 | D        | Found Dyaquthr Poqi's Jewellery Shop.
   200 | D        | Found Icvuutas's Weapon Emporium.
   209 | D        | Noticed a burning bush
   209 | D        | Noticed a wandering mushroom
   210 | D        | Noticed a wandering mushroom
   214 | D        | Killed a burning bush
   215 | D        | Reached skill level 17 in Stealth
   215 | D        | Killed a wandering mushroom
   216 | D        | Reached skill level 18 in Stealth
   216 | D        | Reached XP level 7. HP: 38/38 MP: 5/8
   217 | D        | Reached skill level 19 in Stealth
   225 | D        | Killed a wandering mushroom
   226 | D        | Reached skill level 5 in Fighting
   226 | D        | Reached XP level 8. HP: 43/43 MP: 6/9
   238 | D        | Found Qaunepuug's Weapon Emporium.
   238 | D        | Found Gelier Jap's Assorted Antiques.
   245 | D        | Bought a scroll labelled BAVIHA ARGHAEX for 22 gold pieces
   245 | D        | Bought a scroll labelled BAVIHA ARGHAEX for 22 gold pieces
   245 | D        | Bought a scroll labelled MAEJOMPOVA for 22 gold pieces
   245 | D        | Bought a scroll labelled ENAUGAL MUFUA for 22 gold pieces
   245 | D        | Bought a black potion for 19 gold pieces
   255 | D        | Bought a +4 ring of evasion for 468 gold pieces
   324 | D        | Noticed a queen bee
   330 | D        | Reached skill level 20 in Stealth
   336 | D        | Killed a queen bee
   337 | D        | Reached skill level 5 in Short Blades
   337 | D        | Reached skill level 5 in Evocations
   348 | D        | Reached skill level 21 in Stealth
   467 | D        | Noticed an oklob plant
   470 | D        | Killed an oklob plant
   623 | D        | Noticed a burning bush
   626 | D        | Killed a burning bush
   627 | D        | Reached skill level 22 in Stealth
   627 | D        | Reached XP level 9. HP: 48/48 MP: 7/10
   654 | D        | Learned a level 6 spell: Iron Shot
   694 | D        | Noticed a burning bush
   694 | D        | Noticed an oklob plant
   695 | D        | Noticed a wandering mushroom
   696 | D        | Killed a burning bush
   697 | D        | Reached skill level 1 in Spellcasting
   697 | D        | Reached skill level 1 in Earth Magic
   701 | D        | Killed an oklob plant
   702 | D        | Reached skill level 23 in Stealth
   702 | D        | Reached skill level 1 in Conjurations
   706 | D        | Killed a wandering mushroom
   707 | D        | Reached skill level 10 in Dodging
   710 | D        | Got Sif Muna's Collected Works on Unholy Rituals and Hexes
   735 | D        | Learned a level 3 spell: Dazzling Flash
   779 | D        | Bought the +4 rapier of Valour {vorpal, Str+5 Dex+6} for
                  | 785 gold pieces
   830 | D        | Noticed a spriggan druid
   832 | D        | Killed a spriggan druid
   833 | D        | Reached skill level 1 in Hexes
   864 | D        | Noticed an oklob plant conjurer
   865 | D        | Killed an oklob plant conjurer
   951 | D        | Noticed an oklob plant
   951 | D        | Noticed an oklob plant summoner
   952 | D        | Noticed an oklob plant shifter
   956 | D        | Killed an oklob plant
   957 | D        | Reached skill level 24 in Stealth
   957 | D        | Reached XP level 10. HP: 53/53 MP: 13/17
   959 | D        | Killed an oklob plant summoner
   963 | D        | Killed an oklob plant shifter
   988 | D        | Noticed a spriggan rider
   989 | D        | Found Doononit's Distillery.
   993 | D        | Found Waageov's Weapon Shoppe.
   997 | D        | Gained mutation: You sometimes lose the ability to read
                  | scrolls when taking damage. [mutagenic glow]
  1030 | D        | Reached skill level 5 in Spellcasting
  1094 | D        | Bought a potion of heal wounds for 55 gold pieces
  1094 | D        | Bought a potion of degeneration for 11 gold pieces
  1094 | D        | Bought a potion of heal wounds for 55 gold pieces
  1172 | D        | Bought a potion of mutation for 88 gold pieces
  1172 | D        | Bought a potion of might for 44 gold pieces
  1172 | D        | Bought a potion of lignification for 33 gold pieces
  1196 | D        | Noticed Agnes
  1198 | D        | Found Zamnyt's Armour Emporium.
  1198 | D        | Noticed a spriggan berserker
  1200 | D        | Found Giariek's Book Shoppe.
  1202 | D        | Killed Agnes
  1203 | D        | Reached skill level 25 in Stealth
  1206 | D        | Killed a spriggan berserker
  1207 | D        | Reached skill level 5 in Hexes
  1212 | D        | Noticed a spriggan defender
  1219 | D        | Killed a spriggan defender
  1220 | D        | Reached skill level 5 in Throwing
  1220 | D        | Reached XP level 11. HP: 58/58 MP: 18/22
  1263 | D        | Bought a book of Debilitation for 286 gold pieces
  1292 | D        | Learned a level 3 spell: Confusing Touch
  1295 | D        | Learned a level 2 spell: Ensorcelled Hibernation
  1401 | D        | Noticed a spriggan rider
  1423 | D        | Reached skill level 10 in Evocations
  1425 | D        | Reached skill level 5 in Earth Magic
  1699 | D        | Noticed a ghost moth
  1700 | D        | Found Zaoxzad's Magic Scroll Emporium.
  1700 | D        | Found Fuidac's General Store.
  1700 | D        | Found Arogonege's Armour Shoppe.
  1706 | D        | Killed a ghost moth
  1707 | D        | Reached skill level 26 in Stealth
  1707 | D        | Reached skill level 1 in Shields
  1707 | D        | Reached skill level 1 in Ice Magic
  1726 | D        | Bought a scroll of identify for 26 gold pieces
  1728 | D        | Bought a +2 buckler for 181 gold pieces
  1782 | D        | Noticed an oklob plant meteorologist
  1783 | D        | Noticed an oklob plant shifter
  1787 | D        | Killed an oklob plant meteorologist
  1795 | D        | Killed an oklob plant shifter
  1862 | D        | Noticed a spriggan rider
  1877 | D        | Killed a spriggan rider
  2132 | D        | Found Ryesai's Magic Scroll Shoppe.
  2132 | D        | Found Tozam's Distillery.
  2132 | D        | Found Huuniz's Armour Shop.
  2132 | D        | Found Dussirchi's Assorted Antiques.
  2132 | D        | Found Hitoi's Weapon Shoppe.
  2133 | D        | Found Plog's Book Emporium.
  2133 | D        | Found Urpheup's Weapon Shop.
  2133 | D        | Found Daheesch's Antique Armour Boutique.
  2148 | D        | Bought a masterwork hat for 216 gold pieces
  2148 | D        | Identified the +0 hat "Toshraag" {rPois Dex+4} (You bought
                  | it in a shop in the Dungeon)
  2151 | D        | Bought a cabochon ring for 150 gold pieces
  2151 | D        | Bought a scroll labelled KOUS QUIN CIG for 30 gold pieces
  2153 | D        | Bought a scroll of identify for 26 gold pieces
  2153 | D        | Bought a scroll of identify for 26 gold pieces
  2153 | D        | Bought a scroll of identify for 26 gold pieces
  2269 | D        | Noticed an oklob plant summoner
  2270 | D        | Found Guwugg's Antique Weapon Emporium.
  2271 | D        | Found Gaphout's Distillery.
  2276 | D        | Killed an oklob plant summoner
  2277 | D        | Reached skill level 5 in Conjurations
  2285 | D        | Bought 2 potions of heal wounds for 110 gold pieces
  2348 | D        | Noticed an oklob plant demonologist
  2348 | D        | Noticed an oklob plant annihilator
  2349 | D        | Noticed a spriggan berserker
  2355 | D        | Killed an oklob plant annihilator
  2357 | D        | Killed a spriggan berserker
  2359 | D        | Killed an oklob plant demonologist
  2362 | D        | Identified the ring of the Vendetta {rElec MP+9}
  2376 | D        | Identified the amulet of Divine Intervention {Reflect rElec
                  | rC+ rN+ SH+5}
  2445 | D        | Noticed an oklob plant
  2445 | D        | Noticed an oklob plant
  2445 | D        | Noticed an oklob plant
  2445 | D        | Noticed an oklob plant
  2445 | D        | Noticed an oklob plant
  2445 | D        | Noticed an oklob plant
  2446 | D        | Noticed an oklob plant
  2447 | D        | Killed an oklob plant
  2448 | D        | Noticed an oklob plant
  2449 | D        | Killed an oklob plant
  2450 | D        | Noticed an oklob plant
  2452 | D        | Killed an oklob plant
  2453 | D        | Reached XP level 12. HP: 65/65 MP: 23/25
  2614 | D        | Noticed a spriggan defender
  2614 | D        | Noticed a spriggan defender
  2639 | D        | Killed a spriggan defender
  2639 | D        | Killed a spriggan defender
  2640 | D        | Reached skill level 27 in Stealth
  2887 | D        | Noticed a death yak
  2887 | D        | HP: 3/65 [spriggan druid/angry trees (7)]
  2889 | D        | Killed from afar by a spriggan druid

Illustrated notes

Levels and vault maps discovered:
D:        dungeon_sprint_fedhas [sprint_temple]

Skill      XL: |  1  2  3  4  5  6  7  8  9 10 11 12 |
---------------+-------------------------------------+-----
Dodging        | 2 3 4 5 7 8 9 10 11 12 13 | 13.3
Stealth        | 8 10 12 13 15 18 19 22 24 25 26 27 | 27.0
Fighting       | 2 3 4 5 6 7 8 |  8.8
Short Blades   | 3 4 5 7 8 9 |  9.4
Throwing       | 3 4 5 |  5.3
Evocations     | 2 4 6 8 9 11 13 | 13.0
Spellcasting   | 4 6 8 9 |  9.8
Earth Magic    | 3 4 6 7 |  7.2
Conjurations   | 2 4 5 6 |  6.2
Hexes          | 2 5 7 9 |  9.0
Shields        | 3 4 |  4.1
Ice Magic      | 3 4 |  4.7

Action                   |  1- 3 |  4- 6 |  7- 9 | 10-12 || total
-------------------------+-------+-------+-------+-------++-------
Melee: Dagger            |     5 |     8 |    32 |       ||    45
       Rapier            |       |       |     3 |    78 ||    81
Throw: Dart              |     4 |       |       |    12 ||    16
 Abil: Evoke Invisibilit |       |     3 |     7 |    10 ||    20
Evoke: Lightning rod     |       |       |       |     3 ||     3
       Tin of tremorston |       |       |       |     1 ||     1
  Use: Potion            |       |       |       |     3 ||     3
       Scroll            |       |       |       |     4 ||     4
 Stab: Sleeping          |     2 |     7 |     9 |    24 ||    42
       Invisible         |       |     1 |     8 |    10 ||    19
       Distracted        |       |       |       |     1 ||     1
Armor: Robe              |     1 |       |       |       ||     1
Dodge: Dodged            |     4 |     1 |    27 |    33 ||    65
Block: Buckler           |       |       |       |     8 ||     8
